[Event "Titled Tuesday Blitz January 31 Early 2023"]
[White "Paichadze, Luka"]
[Black "Ramirez Allo, Eduardo"]
[WhiteFideId "13602934"]
[BlackFideId "2224178"]
[WhiteElo "2515"]
[BlackElo "2274"]
[Result "0-1"]
[Round "01"]
[TimeControl "180+2"]
[Date "2023.01.31"]
[WhiteClock "0:00:44"]
[BlackClock "0:00:11"]

1. e4 c5 2. Nf3 d6 3. d4 cxd4 4. Qxd4 Nc6 5. Bb5 Bd7 6. Qd3 Nf6 7. Bg5 e6 8. Nc3 Be7 9. O-O-O a6 10. Bxc6 Bxc6 11. Nd4 Rc8 12. f4 O-O 13. Kb1 b5 14. Nxc6 Rxc6 15. f5 b4 16. Ne2 e5 17. Bxf6 Bxf6 18. g4 h6 19. Ng3 a5 20. Nh5 Bg5 21. Rhf1 a4 22. Qb5 Qa8 23. Qd5 Rfc8 24. Rf2 Qa6 25. f6 g6 26. Ng3 b3 27. axb3 a3 28. b4 axb2 29. Kxb2 Ra8 30. Qb3 Qa7 31. Rf3 Ra6 32. Ne2 Ra2+ 33. Kc3 Ra3 34. Nc1 Bxc1 35. Rxc1 Rxb3+ 36. cxb3 Rc8+ 37. Kb2 Qd4+ 38. Rfc3 Rxc3 39. Rxc3 Qxb4 40. Rc8+ Kh7 41. Rc4 Qd2+ 42. Ka3 g5 43. Ka4 Kg6 44. b4 Qa2+ 45. Kb5 Kxf6 46. Rc6 Ke6 47. Rc8 Qe2+ 48. Kb6 Qe3+ 49. Ka6 Qxe4 50. b5 Qxg4 51. b6 Qa4+ 52. Kb7 e4 53. Kb8 e3 54. b7 e2 55. Rc1 Qa5 56. Kc8 e1=Q 57. Rxe1+ Qxe1 58. b8=Q Qc3+ 59. Kd8 Qh8+ 60. Kc7 Qxb8+ 61. Kxb8 d5 0-1


[Site "https://www.chess.com"]

[Event "Titled Tuesday Blitz January 31 Early 2023"]
[White "Khamdamova, Afruza"]
[Black "Galchenko, Matvey"]
[WhiteFideId "14210444"]
[BlackFideId "24175480"]
[WhiteElo "2162"]
[BlackElo "2438"]
[Result "0-1"]
[Round "01"]
[TimeControl "180+2"]
[Date "2023.01.31"]
[WhiteClock "0:00:06"]
[BlackClock "0:00:06"]

1. e4 e6 2. d4 d5 3. Nd2 a6 4. Ngf3 Nf6 5. Bd3 c5 6. exd5 exd5 7. dxc5 Bxc5 8. Nb3 Bb6 9. O-O O-O 10. h3 Nc6 11. c3 Re8 12. Bg5 h6 13. Bh4 g5 14. Bg3 Ne4 15. Nbd4 Qf6 16. Bc2 Bd7 17. Bh2 Rad8 18. Qd3 g4 19. hxg4 Bxg4 20. Nxc6 bxc6 21. Nd4 c5 22. f3 cxd4 23. fxe4 dxc3+ 24. Kh1 dxe4 25. Qg3 Qg7 26. bxc3 e3 27. Bb3 Be6 28. Bxe6 Rxe6 29. Qf3 e2 30. Rfe1 Rde8 31. Rac1 Re3 32. Qf4 Rxc3 33. Rxc3 Qxc3 34. Bg3 Qg7 35. Kh2 Ba5 36. Rb1 e1=Q 37. Bxe1 Bxe1 38. Rb3 h5 39. Qf5 Qe5+ 40. Qxe5 Rxe5 41. Rb6 a5 0-1


[Site "https://www.chess.com"]

[Event "Titled Tuesday Blitz January 31 Early 2023"]
[White "Harsh Suresh"]
[Black "Llanos, Guillermo"]
[WhiteFideId "45018464"]
[BlackFideId "100358"]
[WhiteElo "2298"]
[BlackElo "2290"]
[Result "1-0"]
[Round "01"]
[TimeControl "180+2"]
[Date "2023.01.31"]
[WhiteClock "0:02:14"]
[BlackClock "0:00:30"]

1. e4 c5 2. Nc3 Nc6 3. Bb5 Nd4 4. Bc4 e6 5. Nf3 Nf6 6. O-O d5 7. exd5 exd5 8. Nxd5 Nxd5 9. Nxd4 cxd4 10. Qh5 Be6 11. Re1 Be7 12. Rxe6 Nc7 13. Re1 O-O 14. d3 g6 15. Qf3 b5 16. Bb3 a5 17. Bh6 1-0


[Site "https://www.chess.com"]

[Event "Titled Tuesday Blitz January 31 Early 2023"]
[White "Yeritsyan, Hayk"]
[Black "Urazayev, Arystanbek"]
[WhiteFideId "13307320"]
[BlackFideId "13709810"]
[WhiteElo "2241"]
[BlackElo "2460"]
[Result "0-1"]
[Round "01"]
[TimeControl "180+2"]
[Date "2023.01.31"]
[WhiteClock "0:00:04"]
[BlackClock "0:00:09"]

1. d4 d5 2. Nf3 Nf6 3. e3 e6 4. Bd3 Be7 5. Ne5 c5 6. c3 Nc6 7. f4 Ne4 8. Nd2 Bh4+ 9. g3 Nxd2 10. Bxd2 Be7 11. O-O Qb6 12. Rb1 Bd7 13. a3 Nxe5 14. fxe5 Bb5 15. Qe2 Bxd3 16. Qxd3 O-O 17. Rf2 Rac8 18. Rbf1 g6 19. Bc1 Qc6 20. Qe2 b5 21. Qg4 a5 22. h4 h5 23. Qf4 Rc7 24. g4 hxg4 25. Qxg4 Kg7 26. h5 Qe8 27. Bd2 f5 28. exf6+ Rxf6 29. Rxf6 Bxf6 30. Qf4 Rf7 31. e4 Bxd4+ 32. cxd4 Rxf4 33. Bxf4 gxh5 34. Be5+ Kh7 35. Rf2 cxd4 36. Rg2 dxe4 37. Rg7+ Kh6 38. Rg2 e3 39. Bxd4 Qc6 40. Bxe3+ Kh7 41. Rf2 Qe4 42. Bd2 e5 43. Bxa5 h4 44. Bc3 h3 45. Kh2 Qe3 46. Rf1 e4 47. Re1 Qf3 48. Kg1 Qg2# 0-1


[Site "https://www.chess.com"]

[Event "Titled Tuesday Blitz January 31 Early 2023"]
[White "Bambino Filho, Antonio Carlos"]
[Black "Vakhlamov, Igor L."]
[WhiteFideId "2113163"]
[BlackFideId "24126748"]
[WhiteElo "2144"]
[BlackElo "2413"]
[Result "0-1"]
[Round "01"]
[TimeControl "180+2"]
[Date "2023.01.31"]
[WhiteClock "0:00:03"]
[BlackClock "0:00:08"]

1. e4 c5 2. Nf3 e6 3. d4 cxd4 4. Nxd4 Nf6 5. Nc3 Nc6 6. Ndb5 Bc5 7. Nd6+ Ke7 8. Nxc8+ Rxc8 9. Bd3 a6 10. O-O Qc7 11. Qe1 Ng4 12. g3 h5 13. Kg2 h4 14. h3 hxg3 15. fxg3 Rxh3 16. Bg5+ f6 17. Kxh3 Nce5 18. Kg2 fxg5 19. Nd1 Rh8 20. Rh1 Rf8 21. Rf1 Rf6 22. Rxf6 gxf6 23. Qe2 Bd4 24. c3 Ba7 25. Bc2 Qc5 26. Qf1 d5 27. b4 Qc6 28. Qe2 Qb6 29. Nb2 d4 30. c4 d3 31. Nxd3 Ne3+ 32. Kh2 N5g4+ 33. Kh1 Qd4 34. Rd1 Qxe4+ 35. Kg1 Nxd1+ 36. Qe3 Qxe3+ 0-1


[Site "https://www.chess.com"]

[Event "Titled Tuesday Blitz January 31 Early 2023"]
[White "Movahed, Sina"]
[Black "Bilan, Danila"]
[WhiteFideId "42520835"]
[BlackFideId "24161918"]
[WhiteElo "2340"]
[BlackElo "2303"]
[Result "1/2-1/2"]
[Round "01"]
[TimeControl "180+2"]
[Date "2023.01.31"]
[WhiteClock "0:00:21"]
[BlackClock "0:00:27"]

1. e4 c6 2. Nf3 d5 3. Nc3 Bg4 4. h3 Bxf3 5. Qxf3 e6 6. Be2 Nd7 7. O-O Ngf6 8. d4 dxe4 9. Nxe4 Be7 10. a4 O-O 11. Rd1 Rc8 12. a5 Nxe4 13. Qxe4 Bg5 14. Bd3 g6 15. f4 Be7 16. Be3 Qc7 17. c4 Rfd8 18. a6 b6 19. Kh1 Nf6 20. Qf3 c5 21. dxc5 Bxc5 22. Bd2 Bd4 23. Rab1 Rd7 24. b3 Rcd8 25. Be1 Bc5 26. Bc2 Bd4 27. Rd2 Bc5 28. Rbd1 Rxd2 29. Rxd2 Rxd2 30. Bxd2 Qd6 31. Bc3 Nh5 32. Qa8+ Qf8 33. Qxf8+ Kxf8 34. Be5 Ng3+ 35. Kh2 Nf1+ 36. Kh1 Ng3+ 37. Kh2 Nf1+ 38. Kh1 Ng3+ 1/2-1/2


[Site "https://www.chess.com"]

[Event "Titled Tuesday Blitz January 31 Early 2023"]
[White "Pulpan, Jakub"]
[Black "Pein, Jonathan"]
[WhiteFideId "302759"]
[BlackFideId "417092"]
[WhiteElo "2427"]
[BlackElo "2265"]
[Result "1/2-1/2"]
[Round "01"]
[TimeControl "180+2"]
[Date "2023.01.31"]
[WhiteClock "0:00:21"]
[BlackClock "0:00:49"]

1. d4 d6 2. e4 Nf6 3. Nc3 e5 4. Nf3 exd4 5. Nxd4 g6 6. Be2 Bg7 7. O-O O-O 8. Re1 Re8 9. Bf1 Nc6 10. Nf3 a6 11. a4 b6 12. h3 Bb7 13. Ra3 Qd7 14. Bg5 h6 15. Bc1 Nb4 16. a5 b5 17. Rb3 Nc6 18. Nd5 Nxe4 19. Bxh6 Nxa5 20. Bxg7 Bxd5 21. Qxd5 Nxb3 22. Bh6 Nbc5 23. b4 Nf6 24. Qd4 Rxe1 25. Qxf6 Rxf1+ 26. Kxf1 Ne6 27. Ng5 Re8 28. Nxe6 fxe6 29. Qxg6+ Kh8 30. Bg5 Rf8 31. Bf6+ Rxf6 32. Qxf6+ Kg8 33. h4 Qf7 34. Qd8+ Kg7 35. g4 e5 36. h5 Qc4+ 37. Ke1 Qxb4+ 38. Kf1 Qc4+ 39. Ke1 Qb4+ 40. Kf1 Qc4+ 41. Ke1 Qb4+ 1/2-1/2


[Site "https://www.chess.com"]

[Event "Titled Tuesday Blitz January 31 Early 2023"]
[White "Mujumdar, Sameer"]
[Black "Kilic, Eray"]
[WhiteFideId "2029707"]
[BlackFideId "44517173"]
[WhiteElo "1992"]
[BlackElo "2414"]
[Result "0-1"]
[Round "01"]
[TimeControl "180+2"]
[Date "2023.01.31"]
[WhiteClock "0:00:23"]
[BlackClock "0:01:15"]

1. d4 Nf6 2. c4 g6 3. Nc3 d5 4. Bg5 Ne4 5. Bf4 Nxc3 6. bxc3 dxc4 7. e3 Be6 8. Qb1 Qc8 9. Nf3 Bg7 10. h4 O-O 11. h5 c5 12. hxg6 hxg6 13. Ng5 Nc6 14. Be2 cxd4 15. exd4 Bf5 16. Qc1 e5 17. dxe5 Re8 18. O-O Nxe5 19. Re1 Nd3 20. Bxd3 cxd3 21. Qa3 Qxc3 22. Qxc3 Bxc3 23. Rxe8+ Rxe8 24. Rc1 d2 0-1


[Site "https://www.chess.com"]

[Event "Titled Tuesday Blitz January 31 Early 2023"]
[White "Donskov, Anatoly"]
[Black "Rakhmatullaev, Almas"]
[WhiteFideId "24143413"]
[BlackFideId "14205793"]
[WhiteElo "2279"]
[BlackElo "2275"]
[Result "0-1"]
[Round "01"]
[TimeControl "180+2"]
[Date "2023.01.31"]
[WhiteClock "0:00:01"]
[BlackClock "0:00:07"]

1. e4 e5 2. Nf3 Nf6 3. d4 Nxe4 4. Bd3 d5 5. Nxe5 Nd7 6. Nxd7 Bxd7 7. O-O Bd6 8. c4 c6 9. Nc3 Nxc3 10. bxc3 O-O 11. Qh5 g6 12. Qh6 Re8 13. Bg5 Qa5 14. Bd2 Qa4 15. c5 Bf8 16. Qf4 b6 17. cxb6 axb6 18. Rfb1 b5 19. h4 Qa3 20. Qg3 Bd6 21. Qf3 h5 22. g3 Bg4 23. Qf6 Re6 24. Qg5 Rae8 25. Kg2 Be7 26. Qf4 Rf6 27. Qe5 Bf3+ 28. Kg1 Re6 29. Qf4 Be4 30. Bxe4 Rxe4 31. Qf3 Bd6 32. Kg2 Re2 33. Rd1 Qb2 34. Bg5 Qc2 35. Bh6 Qf5 36. Qxf5 gxf5 37. Be3 R8xe3 38. Kf1 Re8 39. a4 R2e6 40. axb5 cxb5 41. Rdb1 Rc8 42. Rxb5 Rxc3 43. Rxd5 Rf6 44. Ra6 Be7 45. Rxf6 Bxf6 46. Rxf5 Bxd4 47. Rxh5 Rc1+ 48. Kg2 Rc2 49. Rf5 Kg7 50. Rf4 Be5 51. Rf5 f6 52. g4 Rc4 53. Kf3 Kg6 54. h5+ Kf7 55. g5 Ke6 56. Rxe5+ fxe5 0-1


[Site "https://www.chess.com"]

[Event "Titled Tuesday Blitz January 31 Early 2023"]
[White "Rakhmanov, Aleksandr"]
[Black "Matt, Fabian"]
[WhiteFideId "4173708"]
[BlackFideId "1623303"]
[WhiteElo "2632"]
[BlackElo "2308"]
[Result "1-0"]
[Round "01"]
[TimeControl "180+2"]
[Date "2023.01.31"]
[WhiteClock "0:00:14"]
[BlackClock "0:00:03"]

1. d4 d5 2. c4 c6 3. cxd5 cxd5 4. Nf3 Nf6 5. Nc3 Nc6 6. Bf4 Bf5 7. e3 a6 8. Ne5 Qb6 9. Nxc6 bxc6 10. Qb3 Qa7 11. Be2 e6 12. O-O Be7 13. Rfc1 Nd7 14. Na4 c5 15. Nxc5 Nxc5 16. dxc5 O-O 17. c6 Rfc8 18. Qb7 Bf6 19. g4 Be4 20. g5 e5 21. gxf6 exf4 22. Qxa7 Rxa7 23. Bg4 Rcc7 24. f3 Bg6 25. exf4 gxf6 26. f5 h5 27. Bh3 Bh7 28. Rc5 Ra8 29. Rac1 Rac8 30. Kf2 Kf8 31. Ke3 Ke7 32. Kd4 Kd6 33. Rxd5+ Ke7 34. Rdc5 Kd6 35. f4 Rb8 36. b3 Rb6 37. Bg2 Rb8 38. Be4 Rb5 39. Rxb5 axb5 40. Rc5 Re7 41. Rxb5 Kc7 42. Rb7+ 1-0


[Site "https://www.chess.com"]

[Event "Titled Tuesday Blitz January 31 Early 2023"]
[White "Myshakov, Fyodor"]
[Black "Borges Feria, Yasel"]
[WhiteFideId "14111284"]
[BlackFideId "3504921"]
[WhiteElo "2292"]
[BlackElo "2439"]
[Result "0-1"]
[Round "01"]
[TimeControl "180+2"]
[Date "2023.01.31"]
[WhiteClock "0:00:48"]
[BlackClock "0:00:49"]

1. c4 e6 2. Nc3 d5 3. cxd5 exd5 4. d4 c6 5. Nf3 a6 6. Qc2 Be6 7. Bf4 Nf6 8. e3 Nbd7 9. Bd3 h6 10. O-O Be7 11. Ne5 O-O 12. Nxd7 Qxd7 13. Be5 Rac8 14. Rae1 Rfe8 15. f4 Qd8 16. f5 Bd7 17. Qf2 Ng4 18. Qg3 Nxe5 19. dxe5 Bh4 20. Qg4 Bxe1 21. e6 Bxc3 22. bxc3 Rxe6 23. fxe6 Bxe6 24. Qg3 Qg5 25. Qf3 Re8 26. g3 Qe5 27. e4 dxe4 28. Bxe4 Re7 29. Re1 f5 30. Bxf5 Qxe1+ 0-1


[Site "https://www.chess.com"]

[Event "Titled Tuesday Blitz January 31 Early 2023"]
[White "Guliev, Logman"]
[Black "Boros, Denes"]
[WhiteFideId "13400061"]
[BlackFideId "722340"]
[WhiteElo "2250"]
[BlackElo "2406"]
[Result "0-1"]
[Round "01"]
[TimeControl "180+2"]
[Date "2023.01.31"]
[WhiteClock "0:00:02"]
[BlackClock "0:00:29"]

1. e4 g6 2. d4 d5 3. e5 c5 4. Nf3 cxd4 5. Nxd4 Nc6 6. Nxc6 bxc6 7. Bd3 Bg7 8. Qe2 Qc7 9. Bf4 e6 10. O-O Ne7 11. c4 Rb8 12. Nc3 O-O 13. Rac1 c5 14. b3 d4 15. Ne4 Nc6 16. Nxc5 Bxe5 17. Bxe5 Nxe5 18. Ne4 f5 19. Nd2 Ng4 20. f4 Re8 21. c5 e5 22. Bc4+ Kg7 23. fxe5 Rxe5 24. Qd3 Bb7 25. Nf3 Bxf3 26. Rxf3 Re4 27. g3 Ne5 28. Qf1 Nxf3+ 29. Qxf3 Qxc5 30. Kg2 Rbe8 31. Kh3 R8e7 32. Qd3 Qe5 0-1


[Site "https://www.chess.com"]

[Event "Titled Tuesday Blitz January 31 Early 2023"]
[White "Bartel, Mateusz"]
[Black "Vagman, Roy"]
[WhiteFideId "1112635"]
[BlackFideId "2828995"]
[WhiteElo "2609"]
[BlackElo "2273"]
[Result "1-0"]
[Round "01"]
[TimeControl "180+2"]
[Date "2023.01.31"]
[WhiteClock "0:00:14"]
[BlackClock "0:00:04"]

1. Nf3 d5 2. e3 g6 3. c4 c6 4. d4 Bg7 5. Nc3 Nf6 6. h3 O-O 7. Bd2 a6 8. Rc1 dxc4 9. Bxc4 b5 10. Bb3 Bb7 11. O-O Nbd7 12. a4 Qb6 13. Ne2 c5 14. a5 Qa7 15. Ng3 e6 16. Ba2 Rac8 17. b4 Bxf3 18. Qxf3 cxd4 19. Qf4 e5 20. Qf3 Rfe8 21. Ne4 Rxc1 22. Rxc1 Rf8 23. Nd6 dxe3 24. Bxe3 Qb8 25. Qc6 e4 26. Qxa6 Ne5 27. Rc8 Rxc8 28. Qxc8+ Qxc8 29. Nxc8 Nc6 30. a6 Bf8 31. Na7 Nxb4 32. Nxb5 Nxa6 33. Bd4 Be7 34. g4 Nb4 35. Bb3 Nc6 36. Bc3 h5 37. g5 Nd7 38. h4 Nce5 39. Kg2 Nf3 40. Kg3 Nc5 41. Bd5 Kf8 42. Bb4 Nd7 43. Bxe7+ Kxe7 44. Bxe4 Nfe5 45. f4 Ng4 46. Nc3 Nc5 47. Nd5+ Kf8 48. Bf3 Kg7 49. Bxg4 hxg4 50. Kxg4 Ne4 51. f5 gxf5+ 52. Kxf5 Ng3+ 53. Kf4 Ne2+ 54. Kg4 Nd4 55. Nf6 Ne6 56. Nh5+ Kg8 57. Nf4 Nd8 58. Kf5 Nc6 59. h5 Nd4+ 60. Kf6 Nf3 61. Nd5 Kh7 62. Nc3 Kg8 63. Ne4 Kf8 64. Nd6 Nh2 65. Nxf7 Ng4+ 66. Kg6 Kg8 67. Nh6+ Nxh6 68. Kxh6 1-0


[Site "https://www.chess.com"]

[Event "Titled Tuesday Blitz January 31 Early 2023"]
[White "Girel, Joseph"]
[Black "Koepke, Christian"]
[WhiteFideId "36033561"]
[BlackFideId "4655737"]
[WhiteElo "2395"]
[BlackElo "2308"]
[Result "0-1"]
[Round "01"]
[TimeControl "180+2"]
[Date "2023.01.31"]
[WhiteClock "0:00:04"]
[BlackClock "0:00:11"]

1. d4 d5 2. c4 e5 3. cxd5 Qxd5 4. e3 exd4 5. Nc3 Qd8 6. exd4 Nf6 7. Nf3 Be7 8. Bc4 O-O 9. O-O Nc6 10. Re1 Bg4 11. d5 Na5 12. Be2 c6 13. dxc6 Qxd1 14. Rxd1 Nxc6 15. Be3 Rfd8 16. Rac1 h6 17. h3 Be6 18. Nd4 Nxd4 19. Bxd4 b6 20. Ba6 Rd7 21. Be5 Rad8 22. Rxd7 Rxd7 23. Bc8 Rd2 24. Bxe6 fxe6 25. Nb5 Bc5 26. Nxa7 Ne4 27. Nc6 Nxf2 28. b4 Be3 29. Ne7+ Kf7 30. Rc7 Ng4+ 31. Kf1 Rf2+ 32. Ke1 Bd2+ 33. Kd1 Ne3# 0-1


[Site "https://www.chess.com"]

[Event "Titled Tuesday Blitz January 31 Early 2023"]
[White "Tymrakiewicz, Rafal"]
[Black "Arjun, Kalyan"]
[WhiteFideId "1108832"]
[BlackFideId "35018701"]
[WhiteElo "2144"]
[BlackElo "2516"]
[Result "1/2-1/2"]
[Round "01"]
[TimeControl "180+2"]
[Date "2023.01.31"]
[WhiteClock "0:00:05"]
[BlackClock "0:00:05"]

1. d4 Nf6 2. Bg5 d5 3. e3 c5 4. c3 Nc6 5. Nd2 e6 6. Ngf3 Be7 7. Bd3 h6 8. Bh4 Qb6 9. Rb1 Bd7 10. O-O O-O 11. Ne5 Qc7 12. f4 Be8 13. Rf3 Nd7 14. Bxe7 Nxe7 15. Rh3 f5 16. Nxd7 Bxd7 17. Nf3 c4 18. Bc2 b5 19. Ne5 Be8 20. g4 Nc6 21. Nxc6 Bxc6 22. g5 hxg5 23. Qh5 g4 24. Qh7+ Kf7 25. Rh6 Qd7 26. Qg6+ Kg8 27. Qh7+ Kf7 28. Qg6+ Ke7 29. Qxg7+ Ke8 30. Qe5 Ke7 31. Kf2 Rf7 32. Rg1 Qd6 33. Qxd6+ Kxd6 34. h3 gxh3 35. Rxh3 a5 36. Rh6 Bd7 37. Rgg6 b4 38. Ke1 Rb8 39. Kd2 b3 40. axb3 cxb3 41. Bd3 a4 42. Kc1 Ra8 43. Kb1 Ke7 44. c4 dxc4 45. Bxc4 Kd8 46. Bxe6 Bxe6 47. Rxe6 Kc7 48. Rc6+ Kb7 49. Rb6+ Ka7 50. Ra6+ Kb7 51. Rxa8 Kxa8 52. Ra6+ Ra7 53. Rf6 Re7 54. Ra6+ Kb7 55. Rxa4 Rxe3 56. Rc4 Re1+ 57. Rc1 Re4 58. Rc3 Re1+ 59. Rc1 Re4 60. Rc3 Re1+ 61. Rc1 1/2-1/2


[Site "https://www.chess.com"]

[Event "Titled Tuesday Blitz January 31 Early 2023"]
[White "Maksimovic, Bojan"]
[Black "Delorme, Axel"]
[WhiteFideId "14408120"]
[BlackFideId "632023"]
[WhiteElo "2486"]
[BlackElo "2483"]
[Result "1-0"]
[Round "01"]
[TimeControl "180+2"]
[Date "2023.01.31"]
[WhiteClock "0:00:52"]
[BlackClock "0:00:39"]

1. e4 c5 2. Nf3 d6 3. d4 cxd4 4. Nxd4 Nf6 5. Nc3 a6 6. Bg5 Nbd7 7. Qe2 Qc7 8. O-O-O e6 9. f4 b5 10. a3 Bb7 11. g4 Be7 12. Kb1 Rc8 13. Rg1 h6 14. Bh4 g5 15. fxg5 Nh7 16. g6 Bxh4 17. gxf7+ Kxf7 18. g5 hxg5 19. Bh3 Nhf8 20. Rgf1+ Ke7 21. Qf3 Ne5 22. Qf6+ Ke8 23. Qxh8 Qe7 24. Nxe6 Ng6 25. Qh5 1-0


[Site "https://www.chess.com"]

[Event "Titled Tuesday Blitz January 31 Early 2023"]
[White "Selbes, Tarik"]
[Black "Mikaelyan, Arman"]
[WhiteFideId "6302513"]
[BlackFideId "13304852"]
[WhiteElo "2255"]
[BlackElo "2523"]
[Result "0-1"]
[Round "01"]
[TimeControl "180+2"]
[Date "2023.01.31"]
[WhiteClock "0:00:04"]
[BlackClock "0:00:56"]

1. Nf3 Nf6 2. g3 g6 3. Bg2 Bg7 4. O-O O-O 5. d4 c5 6. Nc3 cxd4 7. Nxd4 Nc6 8. Nb3 d6 9. h3 a5 10. a4 Nb4 11. Nd4 Bd7 12. Re1 Rc8 13. Bxb7 Bxh3 14. Bxc8 Qxc8 15. e4 Ng4 16. Nf3 Qc5 17. Qe2 Nc6 18. Nd5 Bd4 19. Nxd4 Nxd4 20. Nxe7+ Kh8 21. Qd3 Nxc2 22. Re2 Nxa1 23. Bd2 Ne5 24. Bc3 f6 25. Qd1 Bg4 26. Qxa1 Bxe2 27. Nd5 0-1


[Site "https://www.chess.com"]

[Event "Titled Tuesday Blitz January 31 Early 2023"]
[White "Bas Mas, Jose Joaquin"]
[Black "Albornoz Cabrera, Carlos Daniel"]
[WhiteFideId "22219064"]
[BlackFideId "3518736"]
[WhiteElo "2197"]
[BlackElo "2586"]
[Result "0-1"]
[Round "01"]
[TimeControl "180+2"]
[Date "2023.01.31"]
[WhiteClock "0:02:15"]
[BlackClock "0:02:34"]

1. e4 c6 2. d4 d5 3. f3 Qb6 4. Nc3 dxe4 5. Bc4 Nf6 6. fxe4 e5 7. dxe5 Ng4 8. Qf3 Nxe5 9. Qe2 Nxc4 10. Qxc4 Be6 11. Qe2 Nd7 12. Nf3 O-O-O 13. Bf4 Qxb2 14. O-O Qxc3 0-1


[Site "https://www.chess.com"]

[Event "Titled Tuesday Blitz January 31 Early 2023"]
[White "matenitian"]
[Black "Tactrics"]
[WhiteElo "2434"]
[BlackElo "2800"]
[Result "0-1"]
[Round "01"]
[TimeControl "180+2"]
[Date "2023.01.31"]
[WhiteClock "0:02:00"]
[BlackClock "0:02:07"]

1. e4 e6 2. d4 d5 3. Nd2 a6 4. Bd3 c5 5. exd5 Qxd5 6. Ngf3 cxd4 7. O-O Nc6 8. Bc4 Qd7 9. Nb3 Nf6 10. Nbxd4 Nxd4 11. Nxd4 Qc7 12. Qe2 Bd6 13. h3 Bh2+ 14. Kh1 Bf4 15. c3 O-O 16. Qf3 Bxc1 17. Raxc1 Qxc4 0-1


[Site "https://www.chess.com"]

[Event "Titled Tuesday Blitz January 31 Early 2023"]
[White "Valle Maytin, Luis Enrique"]
[Black "Koelle, Tobias"]
[WhiteFideId "3503666"]
[BlackFideId "16207378"]
[WhiteElo "2241"]
[BlackElo "2432"]
[Result "1-0"]
[Round "01"]
[TimeControl "180+2"]
[Date "2023.01.31"]
[WhiteClock "0:00:42"]
[BlackClock "0:01:17"]

1. e4 a6 2. d4 e6 3. f4 d5 4. e5 c6 5. Nf3 c5 6. c3 Nc6 7. Bd3 h5 8. Bc2 b5 9. Be3 Qb6 10. dxc5 Bxc5 11. Bxc5 Qxc5 12. Nd4 Nh6 13. Nxc6 Qxc6 14. Qxh5 b4 15. Qf3 bxc3 16. Nxc3 Qb6 17. Ba4+ Kf8 18. h3 Nf5 19. Qf2 d4 20. Bb3 Qa5 21. g4 dxc3 22. O-O-O cxb2+ 23. Kxb2 Ne7 24. Qc5 Bb7 25. Qxa5 Bxh1 26. Rd8+ Rxd8 27. Qxd8# 1-0


[Site "https://www.chess.com"]

[Event "Titled Tuesday Blitz January 31 Early 2023"]
[White "Avila Pavas, Santiago"]
[Black "Trigo Urquijo, Sergio"]
[WhiteFideId "4437128"]
[BlackFideId "2262436"]
[WhiteElo "2522"]
[BlackElo "2408"]
[Result "1/2-1/2"]
[Round "01"]
[TimeControl "180+2"]
[Date "2023.01.31"]
[WhiteClock "0:00:18"]
[BlackClock "0:00:09"]

1. d4 Nf6 2. Nf3 g6 3. Bg5 Bg7 4. Nbd2 d5 5. e3 b6 6. Be2 Bb7 7. O-O O-O 8. c3 h6 9. Bh4 Nbd7 10. b4 a5 11. a3 Re8 12. c4 e5 13. c5 axb4 14. cxb6 e4 15. Ne5 bxa3 16. Qb3 Nxb6 17. Rxa3 Rxa3 18. Qxa3 Qd6 19. Qxd6 cxd6 20. Rb1 dxe5 21. Rxb6 g5 22. Bg3 Bc8 23. dxe5 Nd7 24. Rd6 Nxe5 25. Rxd5 f5 26. Nc4 Nxc4 27. Bxc4 Be6 28. Rc5 Bxc4 29. Rxc4 Kf7 30. h4 Be5 31. hxg5 hxg5 32. Bxe5 Rxe5 33. g4 Kf6 34. gxf5 Kxf5 35. Kg2 Ra5 36. Kg3 Rb5 37. Rd4 Ra5 38. Rd8 Ra6 39. Rf8+ Rf6 40. Re8 Ra6 41. Re7 Rb6 42. Rc7 Ra6 43. Rc5+ Kf6 44. Kg4 Ra2 45. Rf5+ Ke6 46. Kxg5 Rb2 47. Kg4 Ra2 48. Rf8 Ke5 49. Re8+ Kd5 50. Kg3 Rb2 51. Rf8 Ke5 52. Re8+ Kd5 53. Ra8 Rb5 54. Kf4 Rb2 55. Ra5+ Ke6 56. Kg3 Kf6 57. Rd5 Ke6 58. Rh5 Kf6 59. Rh4 Ke5 60. Kg2 Rb8 61. Rf4 Rg8+ 62. Kh3 Rg7 63. Kh4 Rg2 64. Kh3 Rg1 65. Rg4 Rh1+ 66. Kg2 Rh5 67. Kg3 Rf5 68. Rg8 Rf3+ 69. Kg2 Rf6 70. Re8+ Kf5 71. Kf1 Rh6 72. Ke2 Rh2 73. Kd1 Rh7 74. Kd2 Rd7+ 75. Kc3 Rd3+ 76. Kc4 Rd2 77. Rf8+ Ke5 78. Kc3 Rd3+ 79. Kc2 Rd7 80. Re8+ Kf5 81. Kc1 Rd6 82. Rc8 Kg4 83. Rf8 Re6 84. Rf4+ Kh3 85. Kc2 Kg2 86. Kc3 Rd6 87. Kc4 Rd8 88. Kc5 Rd2 89. Rxe4 Kxf2 90. Re8 Kf3 91. e4 Kf4 92. e5 Kf5 93. Kc6 Re2 94. Kd6 Rd2+ 95. Kc5 Re2 96. Kd4 Rd2+ 97. Ke3 Rd5 1/2-1/2


[Site "https://www.chess.com"]

[Event "Titled Tuesday Blitz January 31 Early 2023"]
[White "De Silva, L M S T"]
[Black "Mekhane, Adam"]
[WhiteFideId "9953698"]
[BlackFideId "36050601"]
[WhiteElo "2452"]
[BlackElo "2280"]
[Result "1/2-1/2"]
[Round "01"]
[TimeControl "180+2"]
[Date "2023.01.31"]
[WhiteClock "0:00:23"]
[BlackClock "0:00:12"]

1. c4 Nf6 2. Nc3 g6 3. Nf3 Bg7 4. g3 d6 5. d4 O-O 6. Bg2 c5 7. O-O cxd4 8. Nxd4 a6 9. b3 Qc7 10. Bb2 Nc6 11. Rc1 Nxd4 12. Qxd4 Be6 13. Qd2 Rab8 14. a4 Qb6 15. Qc2 Nd7 16. Rfd1 Nc5 17. Rb1 Qxb3 18. Qd2 Qxc4 19. Bd5 Bxc3 20. Bxc3 Qxd5 21. Qh6 Qxd1+ 22. Rxd1 f6 23. Qe3 Kf7 24. Bd4 Nxa4 25. Qh6 Kg8 26. Rd3 Bf5 27. e4 Bxe4 28. Re3 d5 29. f3 e5 30. Ba7 Ra8 31. fxe4 Rxa7 32. exd5 b5 33. d6 Rd7 34. Rd3 Rfd8 35. Qd2 Kg7 36. Qb4 Nb6 37. Qa5 Rxd6 38. Rxd6 Rxd6 39. Qxa6 Nd7 40. Qxb5 Rd4 41. Kf2 h5 42. Ke3 Kf7 43. Qc6 Ke7 44. h3 Kf7 45. Qc7 Ke7 46. Qc6 Kf7 47. g4 hxg4 48. hxg4 Nf8 49. Qc7+ Rd7 50. Qc4+ Ne6 51. Qa4 Rd4 52. Qa7+ Kg8 53. Qa2 Kf7 54. Qa7+ Kg8 55. Qb8+ Kf7 56. Qb7+ Ke8 57. Qh7 Rxg4 58. Qg8+ Ke7 59. Qh7+ Ke8 60. Qg8+ Ke7 61. Qh7+ Ke8 1/2-1/2


[Site "https://www.chess.com"]

[Event "Titled Tuesday Blitz January 31 Early 2023"]
[White "Rohith Krishna S"]
[Black "Zacurdajev, Dmitry"]
[WhiteFideId "46617051"]
[BlackFideId "4196309"]
[WhiteElo "2385"]
[BlackElo "2273"]
[Result "0-1"]
[Round "01"]
[TimeControl "180+2"]
[Date "2023.01.31"]
[WhiteClock "0:00:13"]
[BlackClock "0:00:31"]

1. d4 d5 2. c4 e6 3. Nc3 Nf6 4. Bg5 Be7 5. e3 h6 6. Bh4 O-O 7. Bd3 b6 8. cxd5 Nxd5 9. Bxe7 Nxe7 10. Be4 Nbc6 11. Nge2 Bb7 12. O-O Na5 13. Bxb7 Nxb7 14. b4 c5 15. bxc5 bxc5 16. Rb1 Rb8 17. Qa4 cxd4 18. exd4 Qa5 19. Qd7 Nd5 20. Nxd5 Qxd5 21. Qxd5 exd5 22. Rb5 Nd6 23. Rxd5 Ne4 24. f3 Nd2 25. Rd1 Rb2 26. Nc3 Rc2 27. Ne4 Nxe4 28. fxe4 Rxa2 29. Rd7 Rc8 30. Rf1 f6 31. e5 fxe5 32. Rff7 Rc1+ 33. Rf1 Rcc2 34. Rff7 Rxg2+ 35. Kf1 exd4 36. Rfe7 a5 37. Rxd4 Rxh2 38. Kg1 Rhb2 39. Rd1 a4 40. Ra7 a3 41. Rc1 Rg2+ 42. Kh1 Rgd2 43. Kg1 h5 44. Kh1 h4 45. Ra5 h3 46. Rc8+ Kh7 47. Rh5+ Kg6 0-1


[Site "https://www.chess.com"]

[Event "Titled Tuesday Blitz January 31 Early 2023"]
[White "Bacrot, Etienne"]
[Black "Tworuszka, Michal"]
[WhiteFideId "605506"]
[BlackFideId "1117858"]
[WhiteElo "2667"]
[BlackElo "2260"]
[Result "1-0"]
[Round "01"]
[TimeControl "180+2"]
[Date "2023.01.31"]
[WhiteClock "0:01:03"]
[BlackClock "0:00:56"]

1. e4 c5 2. Nf3 d6 3. Bb5+ Bd7 4. c4 Nc6 5. O-O g6 6. d4 cxd4 7. Nxd4 Bg7 8. Be3 Nf6 9. f3 O-O 10. Nc3 Rc8 11. Rc1 a6 12. Bxc6 bxc6 13. c5 Qc7 14. cxd6 exd6 15. Qd2 Rfd8 16. Kh1 Qb7 17. Bg5 Rf8 18. Nb3 Qb8 19. Rfd1 Be6 20. Qxd6 Bxb3 21. axb3 Rfd8 22. Qxb8 Rxb8 23. Rxd8+ Rxd8 24. e5 1-0


[Site "https://www.chess.com"]